Map: Dusk Towers

Players

ColinQ

  • Race: Zerg Zerg

LindyHop - Winner!

  • Race: Zerg Zerg
  • League: Platinum

VOD

Have the link to the VOD?

Description

Time

  • Played on: Dec. 12, 2015, 7:29 p.m.
  • Length: 14:01
Show
View Real Time Build Order
Export as new Build Order

ColinQ Zerg 

Build Orders: Pool First 

Get SALT Encoding   

  12  0:09  Overlord  
  13  0:14  Drone  
  13  0:17  Drone  
  14  0:28  Drone  
  15  0:32  Drone  
  16  0:43  Spawning Pool  
  16  0:46  Drone  
  16  0:53  Drone  
  17  1:03  Drone  
  18  1:10  Extractor  
  17  1:22  Hatchery  
  17  1:23  Overlord  
  16  1:30  Drone  
  17  1:37  Drone  
  18  1:40  Queen  
  20  1:49  Zergling x2  
  21  1:57  Zergling x2  
  22  2:13  Zergling x2  
  23  2:17  Baneling Nest  
  23  2:20  Queen  
  24  2:23  Overlord  
  24  2:46  Drone x2, Zergling x4  
  24  2:49  Zergling x6  
  31  2:54  Metabolic Boost  
  31  3:11  Drone x4  
  35  3:22  Drone  
  35  3:23  Drone x3  
  39  3:27  Drone  
  40  3:37  Baneling x3  
  40  3:39  Baneling  
  40  3:45  Extractor  
  39  3:49  Spine Crawler  
  39  3:53  Drone x2  
  40  3:58  Drone x2  
  40  3:59  Drone x2  
  43  4:06  Extractor  
  43  4:07  Drone, Overlord x2  
  43  4:19  Roach Warren, Drone  
  43  4:30  Overlord  
  43  4:33  Lair  
  43  4:43  Queen  
  43  4:44  Drone x2  
  43  4:45  Drone x4  
  51  4:51  Extractor  
  50  5:01  Overlord x2  
  50  5:13  Drone x4  
  54  5:14  Overlord  
  54  5:30  Hatchery  
  54  5:31  Hydralisk Den  
  52  5:53  Overlord, Roach x2  
  52  5:54  Overlord  
  56  6:03  Evolution Chamber  
  55  6:04  Evolution Chamber  
  55  6:09  Hydralisk x5  
  55  6:11  Overlord, Zergling x2  
  64  6:12  Zergling x4  
  67  6:21  Drone x2, Overlord  
  67  6:22  Drone  
  70  6:31  Drone  
  71  6:37  Drone  
  71  6:38  Drone x4  
  76  6:42  Zerg Missile Weapons Level 1  
  76  6:44  Zerg Ground Armor Level 1  
  76  6:45  Extractor  
  75  6:50  Extractor  
  74  7:03  Drone x3  
  74  7:04  Drone x4  
  81  7:09  Drone x2  
  82  7:17  Hydralisk x2  
  86  7:23  Queen  
  86  7:24  Queen  
  86  7:25  Queen  
  92  7:30  Hydralisk  
  92  7:31  Hydralisk x3  
  100  7:38  Spore Crawler  
  100  7:39  Spore Crawler  
  98  7:44  Spore Crawler  
  98  7:46  Spore Crawler  
  92  8:00  Burrow  
  92  8:10  Spore Crawler  
  92  8:11  Spore Crawler  
  92  8:12  Drone x3  
  93  8:13  Drone x2  
  93  8:16  Spore Crawler  
  91  8:24  Spore Crawler  
  91  8:26  Spore Crawler  
  89  8:34  Hydralisk x5  
  89  8:35  Hydralisk x2  
  103  8:44  Spore Crawler  
  102  8:50  Spore Crawler, Hydralisk x2  
  105  9:09  Spore Crawler  
  104  9:10  Drone  
  104  9:11  Drone x6  
  104  9:12  Spore Crawler, Overlord  
  110  9:17  Overlord  
  110  9:20  Zerg Missile Weapons Level 2  
  110  9:22  Drone  
  110  9:23  Drone  
  112  9:24  Drone  
  113  9:34  Drone x5  
  113  9:35  Drone x2  
  113  9:36  Drone  
  121  9:57  Hatchery  
  120  10:00  Spore Crawler  
  117  10:17  Hatchery  
  117  10:19  Spore Crawler  
  115  10:21  Spore Crawler  
  115  10:23  Spore Crawler  
  113  10:30  Drone x2, Overlord x3  
  113  10:31  Hydralisk x2  
  113  10:32  Hydralisk  
  113  10:33  Overlord x2  
  113  10:34  Overlord x2  
  121  10:41  Infestation Pit  
  120  10:44  Spore Crawler  
  119  10:53  Queen  
  121  11:01  Muscular Augments  
  121  11:02  Zerg Ground Armor Level 2  
  121  11:03  Hatchery  
  120  11:37  Drone  
  120  11:38  Queen  
  120  11:39  Drone x5  
  130  11:40  Drone x7, Spore Crawler  
  130  11:41  Drone x2  
  130  11:42  Spore Crawler  
  130  11:43  Hydralisk x4  
  130  11:44  Spore Crawler  
  142  11:49  Hive  
  142  11:50  Pathogen Glands  
  142  11:55  Zergling x4  
  142  11:56  Zergling x4  
  146  12:11  Drone  
  146  12:12  Spore Crawler x2  
  145  12:23  Hydralisk x3  
  145  12:24  Hydralisk x7  
  145  12:25  Hydralisk x2  
  145  12:27  Drone  
  170  12:40  Spore Crawler  
  170  12:41  Drone  
  170  12:42  Drone x2, Spore Crawler  
  171  12:54  Baneling x2  
  171  12:55  Baneling x7  
  171  12:56  Baneling x6  
  171  12:57  Baneling x4  
  171  12:58  Zergling x4  
  173  12:59  Zergling x2  
  173  13:03  Hatchery  
  173  13:17  Spore Crawler x2  
Show
View Real Time Build Order
Export as new Build Order

LindyHop Zerg - Winner!

Build Orders: Hatch First, Muta Ling Bane 

Get SALT Encoding   

  12  0:01  Drone  
  14  0:14  Overlord  
  14  0:18  Drone  
  14  0:33  Drone  
  14  0:34  Drone  
  16  0:52  Drone  
  16  0:53  Hatchery  
  16  0:57  Drone  
  16  1:03  Extractor  
  16  1:07  Drone  
  17  1:16  Drone  
  18  1:24  Spawning Pool  
  17  1:31  Drone  
  18  1:40  Drone  
  19  1:50  Drone  
  20  2:00  Overlord  
  20  2:10  Metabolic Boost  
  20  2:11  Queen  
  20  2:12  Queen  
  24  2:15  Zergling x2  
  24  2:19  Zergling x2  
  26  2:28  Zergling x4  
  27  2:46  Roach Warren, Drone x3  
  29  2:59  Queen  
  29  3:02  Drone  
  32  3:06  Drone  
  32  3:12  Queen  
  35  3:28  Drone  
  35  3:29  Overlord x2  
  36  3:49  Drone x6  
  42  3:59  Drone x2  
  42  4:00  Drone  
  41  4:10  Drone x3  
  41  4:15  Lair  
  44  4:23  Extractor  
  43  4:24  Drone x2  
  43  4:25  Drone x2  
  43  4:27  Drone x2  
  49  4:47  Drone x2  
  49  4:50  Extractor x2  
  49  5:06  Evolution Chamber x2  
  47  5:12  Hatchery  
  46  5:17  Drone x5  
  46  5:18  Drone  
  46  5:20  Spire  
  51  5:30  Spine Crawler x2  
  51  5:31  Spine Crawler  
  51  5:34  Drone x4  
  52  6:03  Overlord x5  
  52  6:04  Overlord  
  52  6:18  Overlord  
  52  6:20  Overlord  
  52  6:31  Mutalisk x8  
  68  6:40  Zergling x2  
  68  6:41  Extractor  
  68  6:46  Extractor  
  67  6:47  Mutalisk x3  
  67  6:51  Drone x3  
  67  6:54  Zerg Flyer Weapons Level 1  
  76  7:09  Zergling x2  
  76  7:10  Zergling x16  
  80  7:17  Mutalisk  
  80  7:21  Drone  
  80  7:22  Drone, Queen  
  86  7:29  Zergling x6  
  89  7:35  Baneling Nest  
  88  7:40  Mutalisk x3  
  88  7:41  Hydralisk Den  
  93  7:45  Drone x3  
  96  7:52  Mutalisk  
  96  7:54  Mutalisk  
  100  8:09  Mutalisk x2  
  104  8:15  Roach  
  106  8:22  Overlord x2  
  106  8:23  Overlord x2  
  106  8:39  Zerg Missile Weapons Level 1, Zerg Ground Armor Level 1  
  106  8:43  Drone x3  
  109  8:51  Infestation Pit  
  109  8:54  Mutalisk  
  109  8:55  Roach x2  
  114  8:56  Roach x4  
  114  8:59  Overlord  
  114  9:00  Overlord  
  122  9:08  Drone x4  
  122  9:09  Drone  
  127  9:13  Mutalisk  
  127  9:16  Centrifical Hooks  
  129  9:26  Drone x3  
  132  9:34  Drone x6  
  132  9:37  Zerg Flyer Armor Level 1  
  138  9:56  Roach x4  
  138  9:57  Roach x3  
  152  10:15  Zergling x4  
  152  10:17  Baneling x4  
  152  10:18  Baneling x5  
  152  10:19  Overlord x5  
  154  10:33  Overlord x4  
  154  10:41  Zerg Missile Weapons Level 2  
  154  10:42  Zerg Ground Armor Level 2  
  154  10:59  Hatchery  
  153  11:10  Roach  
  153  11:11  Roach x8  
  171  11:23  Hive  
  172  11:25  Ravager  
  172  11:39  Corruptor x4  
  174  11:40  Corruptor x2  
  184  11:53  Roach x3  
  184  11:54  Roach x2  
  194  12:31  Muscular Augments  
  194  12:33  Glial Reconstitution  
  194  12:43  Overseer  
  194  13:17  Baneling x6  
  194  13:18  Baneling x4  
Tags
 
Add a new tag
Caveats
  • Supply blocks, unpowered buildings, or Contaminate may cause inaccurate times.
  • Supply counts are checked every 10 seconds.